 Seeded DCSS version 0.29.1-12-g30fa7ad0bf (webtiles) character file.

Game seed: 9845822215292249863 (custom seed)

35 OTABOTABOTAB the Insei (level 3, 24/24 HPs)
             Began as an Octopode Transmuter on Jan 11, 2023.
             Quit the game on level 1 of the Dungeon.
             The game lasted 00:01:53 (1162 turns).

OTABOTABOTAB the Insei (Octopode Transmuter)        Turns: 1162, Time: 00:01:54

Health: 24/24      AC:  1    Str:  9    XL:     3   Next: 33%
Magic:  6/6        EV: 13    Int: 17    God:
Gold:   1786       SH:  0    Dex: 12    Spells: 5/6 levels left

rFire   . . .      SeeInvis .     - Unarmed
rCold   . . .      Faith    .   (no shield)
rNeg    . . .      Spirit   .   (helmet restricted)
rPois   .          Reflect  .   g - amulet of the acrobat
rElec   .          Harm     .   (no ring)
rCorr   .          Rampage  .   (no ring)
Will    .....                   (no ring)
Stlth   +++.......              (no ring)
HPRegen 0.08/turn               (no ring)
MPRegen 0.10/turn               (no ring)
                                (no ring)
                                (no ring)

@: no status effects
A: almost no armour, amphibious, 8 rings, camouflage 1, gelatinous body 1,
nimble swimmer 1, tentacles
a: no special abilities


You were on level 1 of the Dungeon.
You visited 1 branch of the dungeon, and saw 1 of its levels.

You collected 1786 gold pieces.

Inventory:

Missiles
 c - 5 poisoned darts
 s - 14 stones
Magical Staves
 h - a staff of conjuration
   (You found it on level 1 of the Dungeon)
Jewellery
 g - an amulet of the acrobat (around mantle)
   (You found it on level 1 of the Dungeon)
 W - a ring of willpower
   (You found it on level 1 of the Dungeon)
Scrolls
 a - a scroll of teleportation {unknown}
 b - a scroll of identify {unknown}
 e - a scroll of acquirement
 f - a scroll of amnesia {unknown}
Potions
 d - a potion of curing {unknown}
 i - a potion of magic {unknown}
 j - a potion of heal wounds {unknown}
 P - a potion of lignification {!q}


   Skills:
 + Level 1.9 Fighting
 - Level 2.0 Dodging
 + Level 3.5 Unarmed Combat
 - Level 2.0 Spellcasting
 + Level 2.6 Transmutations


You had 5 spell levels left.
You knew the following spells:

 Your Spells              Type           Power      Damage    Failure   Level
a - Beastly Appendage     Tmut           20%        N/A       7%          1

Your spell library contained the following spells:

 Spells                   Type           Power      Damage    Failure   Level
 Wereblood                Tmut           10%        N/A       10%         2
 Spider Form              Tmut/Pois      6%         N/A       34%         3
 Ice Form                 Ice/Tmut       6%         N/A       75%         4


Dungeon Overview and Level Annotations

Branches:
Dungeon (1/15)

Altars:


Innate Abilities, Weirdness & Mutations

You cannot wear most types of armour.
You are amphibious.
You can wear up to eight rings at the same time.
Your skin changes colour to match your surroundings (Stealth+).
Your rubbery body absorbs attacks. (AC +1, EV +1)
You are camouflaged when in or above water. (Stealth+)
You have tentacles for arms and can constrict up to eight enemies at once.


Message History

A ball python comes into view.
You closely miss the frilled lizard. Your grab misses the frilled lizard.
Your squeeze misses the frilled lizard.
The frilled lizard bites you but does no damage.
The ball python barely misses you. x2
Unknown command.
You closely miss the frilled lizard. Your grab misses the frilled lizard.
Your squeeze misses the frilled lizard. The frilled lizard closely misses you.
The ball python barely misses you. x2
You closely miss the frilled lizard. Your grab misses the frilled lizard.
The ball python barely misses you. The ball python grabs you.
The ball python constricts you. The frilled lizard closely misses you.
You barely miss the ball python. Your grab misses the ball python.
The ball python barely misses you. The ball python constricts you.
The frilled lizard misses you.
You take 1 damage, and have 17/24 hp.
You barely miss the ball python. Your grab misses the ball python.
The ball python bites you. The ball python constricts you.
The frilled lizard bites you.
You take 7 damage, and have 10/24 hp.
MASSIVE DAMAGE!!
You tentacle-slap the ball python. You grab the ball python.
You constrict the ball python. The ball python closely misses you.
The ball python constricts you. The frilled lizard barely misses you.
You take 1 damage, and have 9/24 hp.
You tentacle-slap the ball python.
You kill the ball python!
The frilled lizard misses you.
You tentacle-slap the frilled lizard.
You kill the frilled lizard!
g - an amulet of the acrobat You start putting on your amulet.
You continue putting on your amulet of the acrobat. x5
You finish putting on your amulet of the acrobat.
You feel ready to tumble and roll out of harm's way.
g - an amulet of the acrobat (around mantle)
Found a stone staircase leading down.
Health restored: 24
There is a stone staircase leading down here.
You open the door.
A quokka comes into view.
Things that are here:
2 scrolls labelled VOSEFAQATU; a staff of conjuration
h - a staff of conjuration
e - 3 scrolls labelled VOSEFAQATU (gained 2) Unknown command.
You miss the quokka. You grab the quokka.
You constrict the quokka, but do no damage.
The quokka bites you.
You take 1 damage, and have 23/24 hp.
You tentacle-slap the quokka but do no damage.
You squeeze the quokka.
You kill the quokka!
No target in view!
W - a ring of willpower Health restored: 24
i - a lumpy sapphire potion
s - 14 stones (gained 6)
There is an open door here.
You open the door.
There is an open door here.
A kobold comes into view. It is wielding a +0 short sword.
The kobold shouts!
The kobold hits you with a +0 short sword.
You take 2 damage, and have 22/24 hp.
Unknown command.
You barely miss the kobold. Your grab misses the kobold.
The kobold hits you with a +0 short sword.
You take 3 damage, and have 19/24 hp.
You tentacle-slap the kobold. Your grab misses the kobold.
Your squeeze misses the kobold.
The kobold hits you with a +0 short sword.
You take 4 damage, and have 15/24 hp.
You tentacle-slap the kobold but do no damage.
Your grab misses the kobold.
You tentacle-slap the kobold but do no damage.
Your grab misses the kobold. The kobold closely misses you.
You tentacle-slap the kobold.
You kill the kobold!
Unknown command.
No target in view!
Sorry, you're not good enough to have a special ability.
Found an escape hatch in the floor.
Health restored: 24
There is an escape hatch in the floor here.
You open the door.
j - a metallic pink potion
There is a stone staircase leading down here.
There is a shaft here.
Done exploring.
Done exploring.
Done exploring.
This is a scroll of acquirement!
You hear a splash.
Something appears before you!
You now have 980 gold pieces (gained 949).
You hear a splash.
Something appears before you!
You now have 1786 gold pieces (gained

806). .# #......#
##.# ###.### .#
#......#
##..############..##
.# ####'###
#...................
## #.#
#.P~~~~~~≈~P...P≈≈~≈
#.#
#.~~≈~~~~≈≈~...~≈≈~~
#.#
#.~≈≈~~~~≈≈~...~~≈~~
#.#
#.P~~~~~≈≈~.....~~~~
#.#
#.........)..<......
#.#
#.P@~≈~~~~~.....~~~~
#.#
#.~~≈~~~~~≈~...~~~~~
#.#
#.~~≈~~~~≈≈~...~~≈~~
#.#
#.P~~~~~~~≈P...P~~~~
#.#
#...................
#.#
#.####.###..#######.
#.#
#...................
#.#
#######.############
#.# #.###......)..


There were no monsters in sight!

Vanquished Creatures
  A gnoll (D:1)
  2 dart slugs (D:1)
  2 endoplasms (D:1)
  A giant cockroach (D:1)
  2 goblins (D:1)
  A quokka (D:1)
  2 ball pythons (D:1)
  5 bats (D:1)
  A frilled lizard (D:1)
  2 kobolds (D:1)
  A rat (D:1)
20 creatures vanquished.

Notes
Turn   | Place    | Note
-------+----------+-------------------------------------------
     0 | D:1      | OTABOTABOTAB the Octopode Transmuter began the quest for
                  | the Orb.
     0 | D:1      | Reached XP level 1. HP: 13/13 MP: 3/3
    87 | D:1      | Reached XP level 2. HP: 15/18 MP: 3/5
   314 | D:1      | Reached XP level 3. HP: 19/24 MP: 6/6
  1158 | D:1      | Identified 3 scrolls of acquirement
  1158 | D:1      | Acquired 949 gold pieces
  1160 | D:1      | Acquired 806 gold pieces
  1162 | D:1      | Quit the game

Illustrated notes

Levels and vault maps discovered:
D:1:      giann_bridges, layout_basic

Action                   || total
-------------------------++-------
Melee: Unarmed           ||    50
       Constrict         ||    11
       Tentacles         ||    10
       Kick              ||     5
       Punch             ||     2
 Cast: Beastly Appendage ||     4
 Abil: End Transformatio ||     4
  Use: Scroll            ||     2
 Stab: Sleeping          ||     8
Armor: Skin              ||     3
Dodge: Dodged            ||    32

Table legend: (Time is in decaauts)
 A = Elapsed time spent in this place.
 B = Non-inter-level travel time spent in this place.
 C = Inter-level travel time spent in this place.
 D = Time resting spent in this place.
 E = Time spent auto-exploring this place.
 F = Levels seen in this place.
 G = Mean time per level.
                   A        B        C        D        E       F      G
               +--------+--------+--------+--------+--------+-----+--------+
         Total |   1158 |   1158 |      0 |      0 |   1005 |   1 | 1158.0 |
       Dungeon |   1158 |   1158 |      0 |      0 |   1005 |   1 | 1158.0 |
               +--------+--------+--------+--------+--------+-----+--------+

Top non-repeatable levels by time:
     D:1: 1158 daAuts

Table legend:
 A = Kills in this place as a percentage of kills in entire the game.
 B = Kills by you in this place as a percentage of kills by you in the entire game.
 C = Kills by friends in this place as a percentage of kills by friends in the entire game.
 D = Other kills in this place as a percentage of other kills in the entire game.
 E = Experience gained in this place as a percentage of experience gained in the entire game.
 F = Experience gained in this place divided by the number of levels of this place that you have seen.
                   A       B       C       D       E      F
               +-------+-------+-------+-------+-------+----------------------
         Total | 100.0 | 100.0 |   N/A |   N/A | 100.0 |  50.0
       Dungeon | 100.0 | 100.0 |   N/A |   N/A | 100.0 |  50.0
               +-------+-------+-------+-------+-------+----------------------
